 Dungeon Crawl Stone Soup version 0.26-a0-812-g31a745ddcd (webtiles) character file.

Game seed: 2334624927581988745

216 vishdafish the Cudgeller (level 5, 15/53 HPs)
             Began as a Troll Berserker on Nov 30, 2020.
             Was a Follower of Wu Jian.
             Quit the game on level 2 of the Dungeon.
             The game lasted 00:03:35 (2180 turns).

vishdafish the Cudgeller (Troll Berserker)          Turns: 2180, Time: 00:03:36

Health: 15/53      AC:  6    Str: 26    XL:     5   Next: 61%
Magic:  4/4        EV: 11    Int:  3    God:    Wu Jian [*.....]
Gold:   188        SH:  0    Dex:  9    Spells: 4/4 levels left

rFire    . . .     SeeInvis .   o - +0 flail
rCold    . . .     Faith    .   (no shield)
rNeg     . . .     Spirit   .   n - +0 robe (curse)
rPois    .         Reflect  .   (helmet restricted)
rElec    .         Harm     .   (no cloak)
rCorr    .         Rampage  .   (gloves unavailable)
MR       .....                  (boots unavailable)
Stlth    +.........             (no amulet)
HPRegen  0.57/turn              (no ring)
MPRegen  0.09/turn              (no ring)

@: no status effects
A: large, unfitting armour, claws 3, regeneration 1, shaggy fur 1, tough skin 3
a: Renounce Religion


You were on level 2 of the Dungeon.
You worshipped Wu Jian.
Wu Jian was aware of your devotion.
You visited 1 branch of the dungeon, and saw 3 of its levels.

You collected 188 gold pieces.

Inventory:

Hand Weapons
 a - a +0 mace
 o - a +0 flail (weapon)
Missiles
 l - 9 poisoned darts (quivered)
 p - a throwing net
Armour
 b - a +0 animal skin
 n - a cursed +0 robe (worn)
Jewellery
 d - an uncursed ring of fire {unknown}
Scrolls
 c - a scroll of remove curse {unknown}
 e - 4 scrolls of identify {unknown}
 f - 2 scrolls of teleportation {unknown}
 j - 2 scrolls of fog {unknown}
 k - a scroll of amnesia {unknown}
Potions
 g - 2 potions of invisibility {unknown}
 h - a potion of attraction {unknown}
 i - a potion of curing
 m - a potion of haste {unknown}
 q - a potion of berserk rage {unknown}


   Skills:
 + Level 3.3 Fighting
 * Level 4.4 Maces & Flails
 + Level 3.4 Dodging


You had 4 spell levels left.
You didn't know any spells.
Your spell library was empty.

Dungeon Overview and Level Annotations

Branches:
Dungeon (3/15)

Altars:
Fedhas
Wu Jian


Innate Abilities, Weirdness & Mutations

You are too large for most types of armour.
You have claws for hands.
Your natural rate of healing is unusually fast.
You are covered in fur. (AC +1)
You have extremely tough skin. (AC +3)


Message History

The gnoll shouts!
The gnoll shouts!
You hear a shout!
The gnoll hits you from afar with a +0 halberd!
Found a +0 spear.
You lunge at the gnoll, but your attack speed is too slow for a blow to land.
The gnoll hits you with a +0 halberd!
You barely miss the gnoll. The gnoll hits you with a +0 halberd!
The gnoll hits you from afar with a +0 halberd.
You spin to attack the gnoll, but your attack speed is too slow for a blow to land.
The gnoll hits you with a +0 flail!
* * * LOW HITPOINT WARNING * * *
You spin and attack the gnoll.
You barely miss the gnoll.
The gnoll hits you from afar with a +0 halberd!
* * * LOW HITPOINT WARNING * * *
You spin and attack the gnoll.
You barely miss the gnoll. The gnoll barely misses you.
There is a stone staircase leading up here.
You climb upwards.
There is a stone staircase leading down here.
Are you sure you want to abandon this character and quit the game? (Confirm with "yes".)

#....#...##...≈§8.≈.8.≈.8.
####...####..≈.≈.≈.§.≈.≈.≈
####...####.≈..§≈...≈...≈.
#.........#..≈.≈.≈.§§≈.§.≈
#.........##..§§§.≈.8.≈...
#..........##..≈.§.≈.≈.≈.≈
##
#..........###..§...≈...≈.
.########...##...##
##..≈.≈.≈.≈..
.....PP..P.#####@.##
##.§≈...≈..# ###..P...P.#
##..# ##.......##
##......## ##.# ###'''###
##.....P# #.# ##...#
#....PPP# ####.### #..###
#.....<## #......# #.##
#......# #......####.#
#......# #......#....#
#......# #........)..#


There were no monsters in sight!

Vanquished Creatures
  An orc priest (D:3)
  A worker ant (D:2)
  5 adders
  4 gnolls
  An ooze (D:1)
  2 worms
  2 dart slugs
  7 orcs
  6 bats (D:1)
  7 giant cockroaches
  4 goblins
  5 hobgoblins
  3 quokkas (D:2)
  6 frilled lizards
  4 kobolds
  2 rats
60 creatures vanquished.

Vanquished Creatures (others)
  3 fungi (D:2)
  4 toadstools (D:2)
7 creatures vanquished.

Grand Total: 67 creatures vanquished

Notes
Turn   | Place    | Note
-------+----------+-------------------------------------------
     0 | D:1      | vishdafish the Troll Berserker began the quest for the Orb.
     0 | D:1      | Reached XP level 1. HP: 22/22 MP: 0/0
    75 | D:1      | Reached XP level 2. HP: 29/29 MP: 1/1
   113 | D:1      | Reached skill level 3 in Maces & Flails
   365 | D:1      | Reached XP level 3. HP: 36/36 MP: 2/2
   404 | D:1      | Reached ** piety under Trog
   959 | D:2      | Reached XP level 4. HP: 37/45 MP: 3/3
  1368 | D:2      | Found a blossoming altar of Fedhas.
  1498 | D:3      | Reached skill level 4 in Maces & Flails
  1671 | D:3      | Found a faded altar of an unknown god.
  1699 | D:3      | Reached XP level 5. HP: 34/53 MP: 4/4
  2086 | D:3      | Fell from the grace of Trog
  2086 | D:3      | Became a worshipper of the Wu Jian Council
  2086 | D:3      | Reached * piety under Wu Jian
  2180 | D:2      | Quit the game

Illustrated notes

Levels and vault maps discovered:
D:1:      erik_arrival_orb_chamber, layout_loops_corners
D:2:      layout_rooms, lemuel_coloured_pillars_altar,
          kennysheep_cluttered_room, minmay_gold_behind_fungi
D:3:      kennysheep_goblin_castle, layout_basic,
          gammafunk_temple_overflow_forgotten,
          chequers_ecumenical_altar_simple_redux, uniq_ijyb

Skill      XL: |  1  2  3  4 |
---------------+-------------+-----
Maces & Flails | 3 4 |  4.4
Dodging        | 3 |  3.4
Fighting       | 3 |  3.3

Action                   |  1- 3 |  4- 6 || total
-------------------------+-------+-------++-------
Melee: Mace              |   102 |   120 ||   222
       Flail             |       |    11 ||    11
Invok: Berserk           |     1 |     6 ||     7
       Whirlwind         |       |     2 ||     2
  Use: Potion            |     2 |       ||     2
Armor: Animal skin       |    58 |    31 ||    89
       Robe              |       |    25 ||    25
Dodge: Dodged            |    79 |    92 ||   171

Table legend: (Time is in decaauts)
 A = Elapsed time spent in this place.
 B = Non-inter-level travel time spent in this place.
 C = Inter-level travel time spent in this place.
 D = Time resting spent in this place.
 E = Time spent auto-exploring this place.
 F = Levels seen in this place.
 G = Mean time per level.
                   A        B        C        D        E       F      G
               +--------+--------+--------+--------+--------+-----+--------+
         Total |   2296 |   2199 |     97 |    443 |   1164 |   3 |  765.3 |
       Dungeon |   2296 |   2199 |     97 |    443 |   1164 |   3 |  765.3 |
               +--------+--------+--------+--------+--------+-----+--------+

Top non-repeatable levels by time:
     D:2: 1065 daAuts
     D:1: 850 daAuts
     D:3: 380 daAuts
